[Event "Titled Tuesday Blitz April 25 Early 2023"]
[White "Goldin, Roman"]
[Black "Ronka, Erik"]
[WhiteFideId "2803860"]
[BlackFideId "505080"]
[WhiteElo "2312"]
[BlackElo "2264"]
[Result "1-0"]
[Round "02"]
[TimeControl "180+2"]
[Date "2023.04.25"]
[WhiteClock "0:00:56"]
[BlackClock "0:00:05"]

1. e4 a6 2. d4 c5 3. d5 e5 4. a4 d6 5. Nc3 Be7 6. Be2 Bg5 7. Bxg5 Qxg5 8. Nf3 Qe7 9. O-O Nf6 10. Nd2 O-O 11. Nc4 Nbd7 12. a5 Ne8 13. Bg4 g6 14. g3 Ng7 15. h4 f5 16. exf5 gxf5 17. Bh3 Rb8 18. Qd2 b5 19. axb6 Nxb6 20. Na5 f4 21. Nc6 Qf7 22. Bxc8 Rbxc8 23. Ne4 Qd7 24. Rxa6 Qh3 25. Ng5 Qf5 26. Rxb6 Qf6 27. Qd3 Nf5 28. Qxf5 Qxf5 29. Ne7+ Kg7 30. Nxf5+ Rxf5 31. Rxd6 Rb8 32. b3 c4 33. bxc4 Rb2 34. g4 Rf6 35. Rxf6 Kxf6 36. Ne4+ Ke7 37. Rc1 f3 38. Kh2 1-0


[Site "https://www.chess.com"]

[Event "Titled Tuesday Blitz April 25 Early 2023"]
[White "GregLeBarbare"]
[Black "Sharapov, Evgeny"]
[BlackFideId "14103133"]
[WhiteElo "2165"]
[BlackElo "2367"]
[Result "1/2-1/2"]
[Round "02"]
[TimeControl "180+2"]
[Date "2023.04.25"]
[WhiteClock "0:00:17"]
[BlackClock "0:00:18"]

1. d4 Nf6 2. Nf3 c5 3. c3 e6 4. Bf4 Nc6 5. e3 d5 6. Nbd2 Bd6 7. Bg3 O-O 8. Bd3 b6 9. Ne5 Bb7 10. Qe2 Qc7 11. f4 Nd7 12. Qh5 f5 13. Bh4 Nf6 14. Bxf6 Rxf6 15. Qe2 Bxe5 16. fxe5 Rf7 17. Nf3 h6 18. O-O a5 19. Kh1 Qc8 20. a4 Ba6 21. Bb5 Bxb5 22. Qxb5 cxd4 23. exd4 Qc7 24. Ne1 Na7 25. Qe2 Nc8 26. Nc2 Ne7 27. Na3 Nc8 28. Nb5 Qc6 29. Rf3 Rb8 30. Raf1 Rbb7 31. g4 fxg4 32. Rxf7 Rxf7 33. Rxf7 Kxf7 34. Qxg4 Kg8 35. Nd6 Qd7 36. Nb5 Ne7 37. Nd6 Nc8 38. Nb5 Qf7 39. Kg2 g6 40. h4 Qf5 41. Qxf5 gxf5 42. Kg3 Kf7 43. b3 Ke8 44. c4 dxc4 45. bxc4 Kd7 46. Kf4 Ne7 47. d5 exd5 48. cxd5 Nxd5+ 49. Kxf5 Ne3+ 50. Kg6 Ke6 51. Kxh6 Kxe5 52. Kg5 Ke6 53. Kg6 Nd5 54. h5 Nf4+ 55. Kg5 Nh3+ 56. Kg6 Nf4+ 57. Kg5 Nh3+ 58. Kg4 Nf2+ 59. Kf4 Kf7 60. Ke5 Nd3+ 61. Kd6 Nc5 62. Nc3 Kg7 63. Kc6 Nxa4 64. Nxa4 Kh6 65. Kxb6 Kxh5 66. Kxa5 1/2-1/2


[Site "https://www.chess.com"]

[Event "Titled Tuesday Blitz April 25 Early 2023"]
[White "koncheto"]
[Black "Torres Dominguez, David"]
[BlackFideId "2220857"]
[WhiteElo "2516"]
[BlackElo "1999"]
[Result "0-1"]
[Round "02"]
[TimeControl "180+2"]
[Date "2023.04.25"]
[WhiteClock "0:00:43"]
[BlackClock "0:00:35"]

1. e4 Nc6 2. Nf3 e5 3. Bc4 Bc5 4. c3 Nf6 5. d3 d6 6. O-O a6 7. Bb3 Ba7 8. Nbd2 h6 9. Re1 g5 10. Nf1 g4 11. N3d2 h5 12. Ne3 Bxe3 13. Rxe3 h4 14. a4 Nh5 15. g3 Qf6 16. Nc4 Be6 17. Re1 O-O-O 18. Ne3 Bd7 19. Nd5 Qg7 20. Bc2 hxg3 21. fxg3 Nxg3 22. hxg3 Rh3 23. Kf2 Rh2+ 24. Ke3 Qh6+ 25. Nf4 exf4+ 26. gxf4 Qh3+ 0-1


[Site "https://www.chess.com"]

[Event "Titled Tuesday Blitz April 25 Early 2023"]
[White "Eljanov, Pavel"]
[Black "Semenova, Alina"]
[WhiteFideId "14102951"]
[BlackFideId "24113875"]
[WhiteElo "2598"]
[BlackElo "1833"]
[Result "1-0"]
[Round "02"]
[TimeControl "180+2"]
[Date "2023.04.25"]
[WhiteClock "0:01:34"]
[BlackClock "0:01:22"]

1. e4 e6 2. d4 d5 3. e5 c5 4. c3 Qb6 5. Nf3 Nc6 6. a3 Bd7 7. b4 c4 8. a4 a5 9. b5 Nce7 10. Be2 O-O-O 11. O-O Nh6 12. Ba3 Nef5 13. h3 Bxa3 14. Nxa3 f6 15. Qd2 Nf7 16. Rfe1 fxe5 17. dxe5 h6 18. Nc2 g5 19. Ncd4 Nxd4 20. cxd4 Kb8 21. Ra3 Rhg8 22. Nh2 Nh8 23. Ng4 Rg6 24. Rf3 h5 25. Nf6 g4 26. hxg4 hxg4 27. Rg3 Nf7 28. Rxg4 Rxg4 29. Bxg4 Bc8 30. Bh5 Qc7 31. Bxf7 Qxf7 32. Qxa5 b6 33. Qxb6+ Qb7 34. Qxd8 1-0


[Site "https://www.chess.com"]

[Event "Titled Tuesday Blitz April 25 Early 2023"]
[White "Grigoriants, Sergey"]
[Black "Andrews, Todd"]
[WhiteFideId "4130804"]
[BlackFideId "2012456"]
[WhiteElo "2502"]
[BlackElo "2404"]
[Result "1-0"]
[Round "02"]
[TimeControl "180+2"]
[Date "2023.04.25"]
[WhiteClock "0:00:43"]
[BlackClock "0:00:29"]

1. d4 Nf6 2. c4 c5 3. d5 b5 4. Qc2 bxc4 5. e4 e6 6. Bxc4 exd5 7. exd5 d6 8. Nf3 Be7 9. O-O O-O 10. Nc3 Re8 11. Bf4 Bg4 12. Nd2 Nbd7 13. Rfe1 Nb6 14. h3 Bh5 15. Bb5 Nfxd5 16. Nxd5 Nxd5 17. Bxe8 Nxf4 18. Bc6 Rb8 19. Qe4 Ne6 20. Bd5 Bf6 21. Nc4 Bg6 22. Qg4 Nd4 23. Rad1 Bf5 24. Qf4 Bc2 25. Nxd6 Bxd1 26. Nxf7 Qxd5 27. Qxb8+ Kxf7 28. Qe8# 1-0


[Site "https://www.chess.com"]

[Event "Titled Tuesday Blitz April 25 Early 2023"]
[White "Lenderman, Aleksandr"]
[Black "kuanysh1981"]
[WhiteFideId "2021285"]
[WhiteElo "2607"]
[BlackElo "2404"]
[Result "1-0"]
[Round "02"]
[TimeControl "180+2"]
[Date "2023.04.25"]
[WhiteClock "0:02:02"]
[BlackClock "0:00:12"]

1. b3 e5 2. Bb2 d6 3. e3 Nf6 4. d4 exd4 5. Qxd4 a6 6. Nf3 Nc6 7. Qh4 Be7 8. Nc3 O-O 9. O-O-O Bf5 10. Qf4 Bg6 11. Bd3 b5 12. h4 Nh5 13. Qh2 Nb4 14. Bxg6 fxg6 15. Qh3 Qc8 16. Qxc8 Raxc8 17. a3 Nc6 18. Nd5 Bf6 19. Bxf6 Nxf6 20. Nd4 Nxd4 21. Ne7+ Kf7 22. Nxc8 Nc6 23. Nxd6+ cxd6 24. Rxd6 Rc8 25. f3 Ke7 26. Rhd1 Rc7 27. Kb2 a5 28. R1d2 b4 29. a4 h6 30. e4 g5 31. hxg5 hxg5 32. R6d5 Nxd5 33. exd5 Rd7 34. Re2+ Kd6 35. dxc6 Kxc6 36. Re5 Rd5 37. Rxd5 Kxd5 38. c3 bxc3+ 39. Kxc3 Kc5 40. b4+ axb4+ 41. Kb3 g6 42. g4 1-0


[Site "https://www.chess.com"]

[Event "Titled Tuesday Blitz April 25 Early 2023"]
[White "Pourkashiyan, Atousa"]
[Black "Henriquez Villagra, Cristobal"]
[WhiteFideId "12502014"]
[BlackFideId "3409350"]
[WhiteElo "2228"]
[BlackElo "2542"]
[Result "0-1"]
[Round "02"]
[TimeControl "180+2"]
[Date "2023.04.25"]
[WhiteClock "0:00:04"]
[BlackClock "0:00:21"]

1. e4 g6 2. d4 d6 3. Nf3 Nf6 4. Nc3 Bg7 5. Bc4 O-O 6. O-O c6 7. a4 Nxe4 8. Nxe4 d5 9. Bd3 dxe4 10. Bxe4 Nd7 11. c3 Nf6 12. Bc2 Nd5 13. h3 b6 14. Re1 Bb7 15. a5 bxa5 16. Be4 Nf6 17. Bb1 c5 18. dxc5 Qc7 19. Be3 Nd7 20. Qa4 Bxf3 21. gxf3 Ne5 22. Be4 Rab8 23. Qxa5 Qc8 24. b4 Qxh3 25. c6 Nxf3+ 26. Bxf3 Qxf3 27. c7 Rbc8 28. Bxa7 Qg4+ 29. Kf1 Bxc3 30. Bb6 Bxb4 31. Qe5 Qh3+ 32. Kg1 Bxe1 33. Rxe1 Qd7 34. Qxe7 Qxe7 35. Rxe7 Kg7 36. Bd4+ Kh6 37. Bf6 g5 38. Rd7 Kg6 39. Be7 Rfe8 40. Kg2 Kf5 41. Bd6 Ke6 0-1


[Site "https://www.chess.com"]

[Event "Titled Tuesday Blitz April 25 Early 2023"]
[White "Koutsin, Sergey"]
[Black "demon64fields"]
[WhiteFideId "14101483"]
[WhiteElo "2381"]
[BlackElo "2876"]
[Result "0-1"]
[Round "02"]
[TimeControl "180+2"]
[Date "2023.04.25"]
[WhiteClock "0:00:02"]
[BlackClock "0:02:15"]

1. d4 g6 2. c4 Bg7 3. Nf3 d6 4. Nc3 e5 5. dxe5 dxe5 6. Qxd8+ Kxd8 7. h3 c6 8. g4 f6 9. b3 Be6 10. Ba3 Nd7 11. O-O-O h5 12. Rg1 hxg4 13. hxg4 g5 14. Ne4 Kc7 15. Bd6+ Kc8 16. e3 Nh6 17. Nh2 Nf7 18. Nf3 Nxd6 19. Nxd6+ Kc7 20. Ne4 Rad8 21. Bd3 a5 22. Bc2 Bf8 23. Kb2 Be7 24. Rd2 Nc5 25. Rxd8 Kxd8 26. Nxc5 Bxc5 27. Bf5 Bf7 28. Rd1+ Ke8 29. Nd2 Rh2 30. Ne4 Bxe3 31. Nxf6+ Ke7 32. Ne4 Bxf2 33. Rd7+ Kf8 34. Ka3 b5 35. cxb5 cxb5 36. Rc7 Be8 0-1


[Site "https://www.chess.com"]

[Event "Titled Tuesday Blitz April 25 Early 2023"]
[White "Topalov, Aleksandar"]
[Black "Costachi, Mihnea"]
[WhiteFideId "925659"]
[BlackFideId "1217518"]
[WhiteElo "2151"]
[BlackElo "2456"]
[Result "0-1"]
[Round "02"]
[TimeControl "180+2"]
[Date "2023.04.25"]
[WhiteClock "0:00:50"]
[BlackClock "0:01:28"]

1. b3 a5 2. a3 Nf6 3. Bb2 g6 4. Bxf6 exf6 5. c4 c6 6. Nc3 d5 7. cxd5 cxd5 8. d4 Nc6 9. e3 Be6 10. Nge2 Bd6 11. g3 O-O 12. Bg2 Ne7 13. O-O Qd7 14. Qd3 Rfc8 15. a4 Bb4 16. Nb5 Bf5 17. e4 dxe4 18. Bxe4 Bxe4 19. Qxe4 Nd5 20. Nf4 Nxf4 21. Qxf4 Kg7 22. Rac1 h5 23. Rxc8 Rxc8 24. Rc1 Rc6 25. h4 Qd5 26. Rd1 Rc2 27. Qe3 Rb2 28. Nc7 Qc6 29. Nb5 Qc2 30. Rc1 Qxb3 31. Qxb3 Rxb3 32. Rd1 Kf8 33. d5 Ke7 34. d6+ Kd7 35. Rc1 Bxd6 36. Rd1 Rxb5 37. axb5 a4 38. Kf1 a3 39. Ke2 Kc7 40. Kd3 Bc5 41. f3 Bf2 42. g4 Kb6 43. Kc4 Bxh4 44. gxh5 gxh5 45. Rh1 Bg3 46. Rxh5 a2 47. Rh1 Be5 0-1


[Site "https://www.chess.com"]

[Event "Titled Tuesday Blitz April 25 Early 2023"]
[White "Molina, Roberto Junio Brito"]
[Black "Petrova, Irina"]
[WhiteFideId "2109450"]
[BlackFideId "14124122"]
[WhiteElo "2376"]
[BlackElo "2084"]
[Result "1-0"]
[Round "02"]
[TimeControl "180+2"]
[Date "2023.04.25"]
[WhiteClock "0:00:05"]
[BlackClock "0:00:16"]

1. d4 d6 2. e4 Nf6 3. Nc3 g6 4. Be3 Bg7 5. Qd2 h6 6. f3 a6 7. O-O-O b5 8. e5 dxe5 9. dxe5 Qxd2+ 10. Rxd2 Nfd7 11. f4 e6 12. Bd3 Bb7 13. Be4 Nc6 14. Nf3 O-O-O 15. Rhd1 Nb6 16. Bxb6 cxb6 17. Ne2 Kc7 18. Rxd8 Rxd8 19. Rxd8 Nxd8 20. Bxb7 Nxb7 21. Kd2 Nc5 22. Ke3 Bf8 23. b4 Nb7 24. a3 Nd8 25. Ned4 Nc6 26. Nxc6 Kxc6 27. Ke4 Be7 28. g4 Kc7 29. h4 h5 30. gxh5 gxh5 31. Ng5 Bxg5 32. hxg5 Kc6 33. f5 Kd7 34. Kf4 exf5 35. Kxf5 Ke7 36. c3 a5 37. Ke4 Ke6 38. Kf4 h4 39. Kg4 Kxe5 40. Kxh4 Kf4 41. Kh5 Kf5 42. Kh4 Kf4 43. Kh5 Kf5 44. Kh6 axb4 45. cxb4 Kg4 46. Kg7 Kxg5 47. Kxf7 Kf5 48. Ke7 Ke5 49. Kd7 Kd5 50. Kc7 Kd4 51. Kxb6 Kc4 52. Ka5 1-0


[Site "https://www.chess.com"]

[Event "Titled Tuesday Blitz April 25 Early 2023"]
[White "Bacallao Alonso, Yusnel"]
[Black "Belenkaya, Dina"]
[WhiteFideId "3507416"]
[BlackFideId "24142654"]
[WhiteElo "2561"]
[BlackElo "2208"]
[Result "1-0"]
[Round "02"]
[TimeControl "180+2"]
[Date "2023.04.25"]
[WhiteClock "0:01:37"]
[BlackClock "0:01:05"]

1. d4 d5 2. c4 dxc4 3. Nf3 Nf6 4. e3 a6 5. Bxc4 e6 6. O-O c5 7. Nbd2 Nbd7 8. e4 cxd4 9. e5 Ng4 10. Re1 Qc7 11. Qe2 Bc5 12. Bd3 b6 13. Qe4 Bb7 14. Qxg4 O-O-O 15. Be4 g6 16. Bxb7+ Qxb7 17. Qe4 Qc7 18. Nb3 Nb8 19. Bg5 Rd5 20. Nbxd4 1-0


[Site "https://www.chess.com"]

[Event "Titled Tuesday Blitz April 25 Early 2023"]
[White "Vakhlamov, Igor L."]
[Black "Senft, Sean"]
[WhiteFideId "24126748"]
[BlackFideId "2044960"]
[WhiteElo "2400"]
[BlackElo "1989"]
[Result "1-0"]
[Round "02"]
[TimeControl "180+2"]
[Date "2023.04.25"]
[WhiteClock "0:00:08"]
[BlackClock "0:00:09"]

1. e4 c5 2. Nf3 d6 3. Nc3 Nf6 4. d4 cxd4 5. Qxd4 Nc6 6. Bb5 Bd7 7. Bxc6 Bxc6 8. Bg5 e6 9. O-O-O Qc7 10. Bxf6 gxf6 11. Qxf6 Rg8 12. Nd5 Bxd5 13. exd5 Rg6 14. Qh4 Rc8 15. c3 Qa5 16. Kb1 Rxg2 17. Rhe1 Be7 18. Qxh7 Rxf2 19. Nd4 e5 20. Nb3 Qb5 21. Qh8+ Kd7 22. Qh3+ Kc7 23. Rf1 Rxf1 24. Rxf1 Qd7 25. Qf3 f6 26. Nd2 Kb8 27. Ne4 f5 28. Qxf5 Qxf5 29. Rxf5 Rh8 30. Rf7 Bd8 31. Nxd6 Bc7 32. Nb5 Bb6 33. d6 a6 34. Na3 Rxh2 35. Nc4 Bc5 36. Rf8+ Ka7 37. d7 Be7 38. Re8 Bf6 39. Re6 Bg5 40. Rxe5 Bf6 41. Re6 Bg5 42. Rg6 Be7 43. Rg7 Bf6 44. Rg8 Rh1+ 45. Kc2 Rh2+ 46. Kb3 b5 47. Nd6 Rd2 48. Ne4 Rxd7 49. Nxf6 Rf7 50. Ne4 Rf4 51. Nc5 Kb6 52. Nd7+ Kc7 53. Ne5 a5 54. a3 a4+ 55. Ka2 Kd6 56. Nd3 Rh4 57. Nb4 Kc5 58. Rc8+ Kb6 59. Rc6+ Ka5 60. Ra6# 1-0


[Site "https://www.chess.com"]

[Event "Titled Tuesday Blitz April 25 Early 2023"]
[White "Rustemov, Alexander"]
[Black "Roberz12"]
[WhiteFideId "4119002"]
[WhiteElo "2785"]
[BlackElo "2400"]
[Result "1-0"]
[Round "02"]
[TimeControl "180+2"]
[Date "2023.04.25"]
[WhiteClock "0:00:18"]
[BlackClock "0:01:28"]

1. d4 Nf6 2. c4 e6 3. Nf3 c5 4. d5 exd5 5. cxd5 d6 6. Nc3 g6 7. h3 Bg7 8. e4 O-O 9. Bd3 b5 10. Bxb5 Nxe4 11. Nxe4 Qa5+ 12. Nfd2 Qxb5 13. Nxd6 Qa6 14. N2c4 Nd7 15. O-O Ne5 16. Nxc8 Raxc8 17. Nxe5 Bxe5 18. Re1 Rfe8 19. Bh6 Qf6 20. Qd2 Bxb2 21. Rxe8+ Rxe8 22. Rd1 Bd4 23. Qf4 Qxf4 24. Bxf4 Rd8 25. d6 f6 26. Rb1 Rd7 27. Kf1 Kf7 28. Re1 h5 29. g4 hxg4 30. hxg4 a5 31. Ke2 Be5 32. Bxe5 fxe5 33. Rc1 Rxd6 34. Rxc5 a4 35. Rxe5 Rd4 36. Kf3 Rb4 37. Re4 Rb1 38. Rxa4 Ra1 39. Ra6 Rb1 40. a3 g5 41. Ke4 Rb2 42. f3 Rb3 43. Kf5 Rb5+ 44. Ke4 Rb3 45. f4 gxf4 46. Kxf4 Rb5 47. a4 Rc5 48. a5 Kg7 49. Kg3 Rd5 50. Kh4 Rb5 51. Ra8 Rc5 52. Kg3 Rb5 53. a6 Ra5 54. Kh4 Ra1 55. Kh5 Ra2 56. Ra7+ Kf6 57. g5+ Kf5 58. Rf7+ Ke6 59. Rf6+ Ke7 60. Kg6 Ke8 61. Kg7 Ra5 62. g6 Ke7 63. Rb6 Ke8 64. Kh7 Rh5+ 65. Kg8 Ke7 66. g7 Rh1 67. a7 Ra1 68. Kh7 Rh1+ 69. Rh6 1-0


[Site "https://www.chess.com"]

[Event "Titled Tuesday Blitz April 25 Early 2023"]
[White "a-z30"]
[Black "Albornoz Cabrera, Carlos Daniel"]
[BlackFideId "3518736"]
[WhiteElo "2398"]
[BlackElo "2516"]
[Result "0-1"]
[Round "02"]
[TimeControl "180+2"]
[Date "2023.04.25"]
[WhiteClock "0:00:03"]
[BlackClock "0:00:54"]

1. d3 Nf6 2. Nf3 d5 3. g3 g6 4. Bg2 Bg7 5. O-O O-O 6. c4 c5 7. Nc3 d4 8. Na4 Nfd7 9. b4 cxb4 10. a3 b3 11. Qxb3 Nc6 12. Nd2 Rb8 13. Qc2 Qc7 14. c5 Nde5 15. Nb3 Be6 16. Bf4 Rfd8 17. Rfc1 h6 18. h4 Rbc8 19. Rab1 Qd7 20. Qd2 Kh7 21. Na5 Nxa5 22. Qxa5 Nc6 23. Qb5 Bd5 24. Bxd5 Qxd5 25. Qxb7 g5 26. hxg5 hxg5 27. e4 dxe3 28. Bxe3 Rb8 29. Qa6 Ne5 30. Rxb8 Rxb8 31. c6 Nf3+ 32. Kf1 Nd4 33. Bxd4 Qh1+ 34. Ke2 Qxc1 35. Bxg7 Kxg7 36. Qc4 Qxc4 37. dxc4 Rc8 38. Kd3 Rxc6 39. Kd4 Ra6 40. Nc3 Rxa3 41. c5 Kf8 42. c6 Ke8 43. Nb5 Ra1 44. f4 gxf4 45. gxf4 Kd8 46. Kd5 a6 47. Nd4 Kc7 48. Kc5 Rc1+ 0-1


[Site "https://www.chess.com"]

[Event "Titled Tuesday Blitz April 25 Early 2023"]
[White "Orujov2008"]
[Black "Halkias, Stelios"]
[BlackFideId "4201809"]
[WhiteElo "2396"]
[BlackElo "2451"]
[Result "1/2-1/2"]
[Round "02"]
[TimeControl "180+2"]
[Date "2023.04.25"]
[WhiteClock "0:00:03"]
[BlackClock "0:00:14"]

1. e4 e5 2. Nf3 Nc6 3. Bb5 a6 4. Ba4 Nf6 5. O-O Be7 6. Qe2 b5 7. Bb3 O-O 8. c3 Bb7 9. Rd1 d5 10. exd5 Na5 11. Bc2 Re8 12. d3 Nxd5 13. Be3 Nc6 14. Nbd2 f5 15. Nf1 Kh8 16. c4 Ndb4 17. d4 e4 18. Ne5 Nxe5 19. dxe5 Qc8 20. Ng3 c5 21. a3 Nxc2 22. Qxc2 Qe6 23. Bf4 g5 24. Bd2 Rad8 25. Bc3 Kg8 26. Nf1 f4 27. Nd2 Qg6 28. Re1 Rd3 29. f3 exf3 30. Nxf3 Bxf3 31. gxf3 Rxf3 32. Qxg6+ hxg6 33. Rad1 b4 34. axb4 cxb4 35. Bd4 Rd8 36. Bb6 Rxd1 37. Rxd1 Kf7 38. c5 Rh3 39. c6 Rh8 40. c7 Ke6 41. Rd8 Bxd8 42. cxd8=Q Rxd8 43. Bxd8 Kxe5 44. Bxg5 b3 45. Kf2 Kf5 46. Be7 g5 47. h3 a5 48. Kf3 a4 49. Bb4 Ke5 50. Ba3 Kf5 51. Bb4 Ke5 52. Ba3 Kf5 53. Bb4 1/2-1/2


[Site "https://www.chess.com"]

[Event "Titled Tuesday Blitz April 25 Early 2023"]
[White "Mirzoev, Azer"]
[Black "Alexikov, Alexander"]
[WhiteFideId "13400304"]
[BlackFideId "14103958"]
[WhiteElo "2525"]
[BlackElo "2186"]
[Result "1-0"]
[Round "02"]
[TimeControl "180+2"]
[Date "2023.04.25"]
[WhiteClock "0:01:13"]
[BlackClock "0:00:39"]

1. c4 Nf6 2. d4 g6 3. Nc3 Bg7 4. e4 d6 5. f3 O-O 6. Bg5 Nbd7 7. Qd2 e5 8. d5 a5 9. Nh3 Qe7 10. Nf2 Nc5 11. O-O-O a4 12. Kb1 Bd7 13. Be2 Rfd8 14. g4 Be8 15. h4 Qd7 16. h5 c6 17. Rh2 cxd5 18. Bxf6 Bxf6 19. Nxd5 Bg7 20. hxg6 hxg6 21. Rdh1 f6 22. g5 Qf7 23. gxf6 Bxf6 24. Qh6 Bg7 25. Qh8+ 1-0


[Site "https://www.chess.com"]

[Event "Titled Tuesday Blitz April 25 Early 2023"]
[White "Mouhamad, Joachim"]
[Black "Averjanov, Alexey"]
[WhiteFideId "656410"]
[BlackFideId "14109867"]
[WhiteElo "2125"]
[BlackElo "2699"]
[Result "0-1"]
[Round "02"]
[TimeControl "180+2"]
[Date "2023.04.25"]
[WhiteClock "0:00:03"]
[BlackClock "0:00:04"]

1. e4 c6 2. d4 d5 3. Nc3 dxe4 4. Nxe4 Bf5 5. Ng3 Bg6 6. h4 h6 7. Nf3 Nd7 8. h5 Bh7 9. Bd3 Bxd3 10. Qxd3 e6 11. Bd2 Ngf6 12. O-O-O Be7 13. Kb1 O-O 14. Ne4 Nxe4 15. Qxe4 Nf6 16. Qe2 Qd5 17. Be3 Ng4 18. Bc1 Rad8 19. Ne5 Nxe5 20. dxe5 Qa5 21. g4 Rxd1 22. Rxd1 Rd8 23. Rg1 Qd5 24. f4 Qd4 25. Qh2 Bc5 26. Rf1 Qc4 27. Rh1 Qe4 28. g5 hxg5 29. fxg5 Qf3 30. g6 Rd1 31. Rxd1 Qxd1 32. Qf4 Qd7 33. a3 Qe8 34. Qg4 a6 35. b3 Bf8 36. a4 b5 37. axb5 axb5 38. Be3 Be7 39. Qf3 Bf8 40. Qe4 Qd7 41. Qf3 Bb4 42. Bc1 Bf8 43. gxf7+ Qxf7 44. Qxc6 b4 45. Bd2 Qf1+ 46. Kb2 Qf5 47. Qb5 Qxh5 48. Qb8 Kf7 49. Qc7+ Kg8 50. Qb8 Kf7 51. Qb7+ Kg6 52. Qb8 Qf5 53. Qe8+ Kh7 54. Qb5 g5 0-1


[Site "https://www.chess.com"]

[Event "Titled Tuesday Blitz April 25 Early 2023"]
[White "Tymrakiewicz, Rafal"]
[Black "Rendle, Thomas E"]
[WhiteFideId "1108832"]
[BlackFideId "408760"]
[WhiteElo "2151"]
[BlackElo "2428"]
[Result "1/2-1/2"]
[Round "02"]
[TimeControl "180+2"]
[Date "2023.04.25"]
[WhiteClock "0:00:02"]
[BlackClock "0:00:03"]

1. e4 e6 2. d4 d5 3. e5 Ne7 4. Bd3 b6 5. Qe2 a5 6. f4 Ba6 7. Bxa6 Nxa6 8. Nf3 c5 9. O-O Nc6 10. Be3 cxd4 11. Nxd4 Nxd4 12. Bxd4 Bc5 13. c3 f5 14. exf6 Qxf6 15. Qb5+ Kf7 16. f5 exf5 17. Qd7+ Kg6 18. Nd2 Rad8 19. Qb7 Bxd4+ 20. cxd4 Qxd4+ 21. Rf2 Nb4 22. Nf3 Qf6 23. Raf1 Nd3 24. Nh4+ Qxh4 25. Rxf5 Rhf8 26. Qxb6+ Rf6 27. Rxf6+ gxf6 28. g3 Qe4 29. Qxf6+ Kh5 30. Qf7+ Kg4 31. Qg7+ Qg6 32. Qd4+ Qe4 33. Qg7+ Qg6 34. Qd4+ Qe4 35. Qg7+ 1/2-1/2


[Site "https://www.chess.com"]

[Event "Titled Tuesday Blitz April 25 Early 2023"]
[White "Prohaszka, Peter"]
[Black "Travadon, Loic"]
[WhiteFideId "726265"]
[BlackFideId "26092131"]
[WhiteElo "2626"]
[BlackElo "2405"]
[Result "1-0"]
[Round "02"]
[TimeControl "180+2"]
[Date "2023.04.25"]
[WhiteClock "0:00:19"]
[BlackClock "0:01:38"]

1. d4 Nf6 2. Bf4 d5 3. e3 e6 4. Nd2 Bd6 5. Ngf3 O-O 6. Ne5 c5 7. c3 Nc6 8. Bd3 Qc7 9. Ndf3 Ne4 10. Nxc6 bxc6 11. Bxd6 Qxd6 12. Bxe4 dxe4 13. Nd2 cxd4 14. Nxe4 Qd5 15. Qxd4 e5 16. Qxd5 cxd5 17. Nc5 Rb8 18. b4 Be6 19. O-O-O Rfc8 20. f4 exf4 21. exf4 a5 22. a3 g6 23. Rhe1 Rc6 24. Re3 Kf8 25. Nb3 axb4 26. axb4 Rc4 27. Rd4 Rbc8 28. Rxc4 Rxc4 29. g3 Ke7 30. Nd4 Kd6 31. Kb2 h5 32. Re1 Rc7 33. h4 Ra7 34. Nb5+ 1-0


[Site "https://www.chess.com"]

[Event "Titled Tuesday Blitz April 25 Early 2023"]
[White "Mika, Tomasz"]
[Black "Seo, Jung Min"]
[WhiteFideId "1132970"]
[BlackFideId "1734687"]
[WhiteElo "2179"]
[BlackElo "2468"]
[Result "0-1"]
[Round "02"]
[TimeControl "180+2"]
[Date "2023.04.25"]
[WhiteClock "0:00:02"]
[BlackClock "0:00:13"]

1. Nf3 Nc6 2. c4 e5 3. d3 f5 4. g3 Nf6 5. Bg2 Bb4+ 6. Bd2 Bxd2+ 7. Qxd2 O-O 8. Nc3 d6 9. O-O h6 10. Nd5 Nxd5 11. cxd5 Ne7 12. e4 Ng6 13. Rac1 Rf7 14. Rc3 Kh7 15. Rfc1 f4 16. d4 Bg4 17. dxe5 dxe5 18. Ne1 c6 19. Rd3 cxd5 20. Rxd5 Qf6 21. Nd3 Raf8 22. Rdc5 Rd8 23. Rd5 Rxd5 24. exd5 Bf5 25. Nc5 h5 26. Ne4 Qd8 27. h4 Nxh4 28. gxh4 Qxh4 29. d6 Kg6 30. Qe2 Be6 31. f3 Qd8 32. Qb5 Qb6+ 33. Qxb6 axb6 34. Rc7 Rd7 35. a3 Bf5 36. Bf1 Kh6 37. Bb5 Rd8 38. Kf2 Bxe4 39. fxe4 Rxd6 40. Ke2 g5 41. Bc4 g4 42. Re7 Rd4 43. Re6+ Kg5 44. Rxe5+ Kh4 45. Bf7 Kg3 46. Bxh5 f3+ 47. Ke3 Rd1 48. Rg5 Re1+ 49. Kd2 f2 50. Rxg4+ Kh3 51. Rf4 f1=Q 52. Rxf1 Rxf1 53. Bg6 Kg4 54. Bf5+ Kf4 55. Kc3 Rf2 56. b3 Ke5 57. a4 Rf1 58. Kc4 Kd6 59. Kc3 Kc5 60. b4+ Kd6 61. Kc4 Ra1 62. Kb5 Kc7 63. e5 Re1 64. Bh3 Rxe5+ 65. Kc4 Rh5 66. Bg2 Rh4+ 67. Kb5 Rg4 68. Bf3 Rf4 69. Bg2 Rf2 70. Bh1 Rb2 71. Bf3 Rh2 72. Be4 Rh5+ 73. Kc4 Rh4 74. Kd5 b5 75. a5 b6 76. a6 Kb8 77. Kd4 Ka7 78. Kc3 Kxa6 79. Bd3 Rh5 80. Be2 Rg5 81. Bd3 Kb7 82. Be2 Kc7 0-1


[Site "https://www.chess.com"]

[Event "Titled Tuesday Blitz April 25 Early 2023"]
[White "Golubev, Mikhail"]
[Black "Kvaloy, Aksel Bu"]
[WhiteFideId "14100983"]
[BlackFideId "1528815"]
[WhiteElo "2374"]
[BlackElo "2208"]
[Result "1-0"]
[Round "02"]
[TimeControl "180+2"]
[Date "2023.04.25"]
[WhiteClock "0:00:13"]
[BlackClock "0:00:38"]

1. e4 e5 2. Nf3 Nf6 3. Nc3 Nc6 4. d4 exd4 5. Nxd4 Bb4 6. Nxc6 bxc6 7. Bd3 d5 8. Bd2 O-O 9. O-O Rb8 10. exd5 cxd5 11. Re1 Bg4 12. Qc1 Bd6 13. Nb5 Bc5 14. b4 Bb6 15. c3 Ne4 16. Bxe4 dxe4 17. Nd4 Bxd4 18. cxd4 Qxd4 19. Be3 Qxb4 20. Bc5 Qb2 21. Qxb2 Rxb2 22. Bxf8 Kxf8 23. Rxe4 Be6 24. Ra4 c5 25. Rxa7 c4 26. Rc7 Ke8 27. a4 Kd8 28. Rc5 Kd7 29. Rd1+ Ke7 30. a5 Ra2 31. f4 g6 32. h3 h5 33. Kh2 h4 34. Rb1 Kd6 35. Re5 Bd5 36. Rg5 f6 37. Rxg6 Be4 38. Rd1+ Ke6 39. Rg8 Rxa5 40. Rc8 Ra2 41. Rg1 Rc2 42. Rh8 c3 43. Rxh4 Rd2 44. Rh8 c2 45. Rc8 Kd5 46. Rd8+ Kc4 47. Rxd2 Kc3 48. Rf2 Bd3 49. h4 Kd4 50. Rc1 Ke3 51. Rcxc2 Bxc2 52. Rxc2 Kxf4 53. Rf2+ Kg4 54. g3 f5 55. Rf4+ Kh5 56. Rxf5+ Kg4 57. Rg5+ Kf3 58. h5 Ke4 59. h6 Kd4 60. h7 Ke4 61. h8=Q Kf3 62. Qf8+ Ke4 63. Rg7 Ke3 64. Re7+ Kd3 65. Qd8+ Kc3 66. Rc7+ Kb2 67. Qb8+ Ka1 68. Ra7# 1-0


[Site "https://www.chess.com"]

[Event "Titled Tuesday Blitz April 25 Early 2023"]
[White "Malek, Jan"]
[Black "Liu, Casper"]
[WhiteFideId "21864080"]
[BlackFideId "1454153"]
[WhiteElo "2255"]
[BlackElo "2221"]
[Result "0-1"]
[Round "02"]
[TimeControl "180+2"]
[Date "2023.04.25"]
[WhiteClock "0:00:10"]
[BlackClock "0:00:23"]

1. c4 Nc6 2. d4 e5 3. d5 Nce7 4. e4 Nf6 5. Nc3 Ng6 6. Bd3 Bb4 7. Ne2 O-O 8. a3 Bxc3+ 9. Nxc3 d6 10. Be3 Ng4 11. Bd2 Qh4 12. Qf3 Nxh2 13. Qg3 Nf3+ 14. Ke2 Nd4+ 15. Ke3 Qe7 16. Qh2 Qg5+ 17. f4 exf4+ 18. Kf2 h6 19. Ne2 Nb3 20. Bxf4 Nxf4 21. Qxf4 Qxf4+ 22. Nxf4 Nxa1 23. Rxa1 f5 24. exf5 Bxf5 25. Bxf5 Rxf5 26. Kg3 Re8 27. Ne6 c6 28. Rd1 cxd5 29. cxd5 Rc8 30. Rd2 Rc4 31. Kh2 Rh4+ 32. Kg1 Rhh5 33. Rc2 Rxd5 34. Rc7 Rd1+ 35. Kf2 Rd2+ 36. Kg1 Re5 37. Rxg7+ Kh8 38. Rg6 Re1+ 39. Kh2 Ree2 40. Nf4 Rf2 41. Nh5 Rxb2 42. Nf6 Rxf6 43. Rxf6 Rb3 44. Rxd6 Rxa3 45. Rd8+ Kg7 46. Rd7+ Kg6 47. Rxb7 a5 48. Ra7 a4 49. g3 Ra1 50. Kh3 a3 51. Kg4 h5+ 52. Kh3 a2 53. Kg2 Kf5 54. Ra4 Ke5 55. Ra5+ Kd4 56. Ra8 Kc3 57. Rc8+ Kb4 58. Rb8+ Ka5 59. Ra8+ Kb6 60. Ra3 Kb5 61. Ra8 Kc4 62. Rc8+ Kd5 63. Rd8+ Ke6 64. Re8+ Kf5 65. Ra8 Ke4 66. Re8+ Kd3 67. Rc8 Rd1 68. Rd8+ Kc2 69. Rc8+ Kb3 70. Rb8+ Kc4 71. Rc8+ Kb5 72. Rb8+ Kc6 73. Ra8 a1=Q 74. Rxa1 Rxa1 75. Kh3 Ra5 76. Kh4 Kd6 77. Kh3 Ke6 78. Kg2 Kf6 79. Kf3 Kg5 80. Kg2 Ra3 81. Kh3 Rb3 82. Kh2 Kg4 83. Kh1 Kxg3 0-1


[Site "https://www.chess.com"]